 Dungeon Crawl Stone Soup version 0.26-a0-597-gb535b0901c (webtiles) character file.

Game seed: 8842494624655822810

10770 Gorglomux the Fighter (level 11, -13/126 HPs)
             Began as a Troll Hedge Wizard on Aug 27, 2020.
             Was a Priest of Dithmenos.
             Killed from afar by an ice dragon (43 damage)
             ... with a blast of cold
             ... in an ice cave.
             The game lasted 00:18:44 (11626 turns).

Gorglomux the Fighter (Troll Hedge Wizard)         Turns: 11626, Time: 00:18:45

Health: -13/126    AC: 17    Str: 20    XL:     11   Next: 40%
Magic:  13/13      EV: 10    Int: 10    God:    Dithmenos [***...]
Gold:   478        SH:  0    Dex: 12    Spells: 13/14 levels left

rFire    . . .     SeeInvis .     - Unarmed
rCold    . . .     Faith    .   (no shield)
rNeg     . . .     Spirit   .   e - +4 troll leather armour
rPois    .         Reflect  .   c - +2 hat
rElec    .         Harm     .   r - +2 cloak
rCorr    .                      (gloves unavailable)
MR       .....                  (boots unavailable)
Stlth    ++........             (no amulet)
HPRegen  1.11/turn              o - ring of wizardry
MPRegen  0.13/turn              (no ring)

@: stab, very slightly contaminated, wreathed by umbra, invisible
A: large, unfitting armour, claws 3, regeneration 1, shaggy fur 1, tough skin 3
a: Shadow Step, Renounce Religion


You were in an ice cave.
You worshipped Dithmenos.
Dithmenos was most pleased with you.
You visited 2 branches of the dungeon, and saw 12 of its levels.
You also visited: Ossuary and Ice Cave.

You collected 862 gold pieces.
You spent 384 gold pieces at shops.

Inventory:

Missiles
 Z - a throwing net
Armour
 c - a +2 hat (worn)
 e - a +4 troll leather armour (worn)
 r - a +2 cloak (worn)
Jewellery
 o - a ring of wizardry (left claw)
Wands
 u - a wand of disintegration (17)
 E - a wand of enslavement (7)
 I - a wand of iceblast (7)
 P - a wand of paralysis (4)
 V - a wand of flame (9)
Scrolls
 a - a scroll of holy word
 g - 3 scrolls of immolation
 h - a scroll of fear {unknown}
 i - 2 scrolls of amnesia {unknown}
 m - a scroll of noise {unknown}
 p - a scroll of fog
 y - a scroll of vulnerability {unknown}
 B - 2 scrolls of blinking
 M - 4 scrolls of magic mapping
 T - 6 scrolls of teleportation
 W - 7 scrolls of remove curse
Potions
 d - 5 potions of mutation
 f - a potion of ambrosia {unknown}
 j - 3 potions of might
 l - a potion of flight
 q - 4 potions of heal wounds
 H - 4 potions of haste
 Q - 5 potions of curing
Miscellaneous
 v - a lightning rod (3/4)


   Skills:
 - Level 12.9 Fighting
 + Level 3.5 Armour
 - Level 2.3 Dodging
 - Level 1.0 Stealth
 + Level 7.1 Unarmed Combat
 - Level 2.0 Spellcasting
 - Level 0.6 Conjurations
   Level 0.6 Summonings
   Level 0.6 Translocations


You had 13 spell levels left.
You knew the following spells:

 Your Spells              Type           Power        Failure   Level
a - Magic Dart            Conj           #...         12%         1

Your spell library contained the following spells:

 Spells                   Type           Power        Failure   Level
 Blink                    Tloc           N/A          16%         2
 Call Imp                 Summ           #.......     16%         2
 Slow                     Hex            #.......     21%         2
 Gell's Gravitas          Tloc           #.........   32%         3
 Conjure Flame            Conj/Fire      #.......     34%         3
 Mephitic Cloud           Conj/Pois/Air  #.......     36%         3
 Confusing Touch          Hex            #.......     38%         3
 Petrify                  Tmut/Erth      #.......     77%         4
 Metabolic Englaciation   Hex/Ice        #.........   98%         5
 Yara's Violent Unravell  Hex/Tmut       #.........   98%         5


Dungeon Overview and Level Annotations

Branches:
Dungeon (11/15)            Temple (1/1) D:7            Lair (0/6) D:9
    Orc (0/2) D:9         Ossuary (visited)           IceCv (1/1)

Altars:
Ashenzari
Cheibriados
Dithmenos
Elyvilon
Fedhas
Gozag
Hepliaklqana
Kikubaaqudgha
Makhleb
Nemelex Xobeh
Okawaru
Qazlal
Ru
Sif Muna
Trog
Uskayaw
Vehumet
Wu Jian
Xom
Yredelemnul
Zin
The Shining One

Shops:
D:4 }   D:9 [

Annotations:
D:6 1 runed translucent door, Crazy Yiuf
D:8 3 runed translucent doors, GordonOverkill's ghost, novice FeFi
D:11 exclusion: door


Innate Abilities, Weirdness & Mutations

You are too large for most types of armour.
You have claws for hands.
Your natural rate of healing is unusually fast.
You are covered in fur. (AC +1)
You have extremely tough skin. (AC +3)


Message History

Aim: an ice dragon (umbra, chance to defeat MR: 48%)
Okay, then.
Okay, then.
The ice dragon breathes frost at you. The blast of cold hits you!!
You hear a deafening roar!
You fade into invisibility!
You are very lightly contaminated with residual magic.
You start resting.
An ice dragon is nearby!
You mangle the ice dragon!!
The ice dragon is moderately wounded.
The ice dragon breathes frost at you. The blast of cold hits you!!!
* * * LOW HITPOINT WARNING * * *
You are too injured to fight recklessly!
You feel much better. The ice dragon barely misses you.
The ice dragon claws you but does no damage.
The ice dragon tramples you.
You hold your ground!
You feel ready to backstab. The ice dragon closely misses you.
The ice dragon barely misses you.
The ice dragon tramples you but does no damage.
You scratch the ice dragon.
The ice dragon is moderately wounded.
The ice dragon bites you but does no damage.
The ice dragon claws you but does no damage.
The ice dragon closely misses you.
You barely miss the ice dragon.
The ice dragon is moderately wounded.
The ice dragon bites you.
The ice dragon claws you but does no damage.
The ice dragon tramples you.
* * * LOW HITPOINT WARNING * * *
You hold your ground!
The helpless ice dragon fails to defend itself.
You claw the ice dragon!
The ice dragon is moderately wounded.
The helpless ice dragon fails to defend itself.
You claw the ice dragon!
The ice dragon is heavily wounded.
The ice dragon barely misses you. The ice dragon closely misses you.
The ice dragon tramples you!
* * * LOW HITPOINT WARNING * * *
You hold your ground!
The helpless ice dragon fails to defend itself.
You claw the ice dragon!
The ice dragon is severely wounded.
The ice dragon breathes frost at you. The blast of cold hits you!!!
You die...

##...######
###......##
####....##
####..## ###
#### ##..###.##
$$$# ##.#....#
$..== #...##.#
....$ #####..###
.D....
#..@##.###...D..
##..D...#.....#
####......#
########


You could see an ice dragon (catching breath).

Vanquished Creatures
  2 two-headed ogres
  2 ice statues (IceCv)
  Maggie (D:6)
  2 rime drakes (IceCv)
  2 ice devils (D:10)
  A troll (D:10)
  2 hippogriffs (D:7)
  A wyvern (D:9)
  2 wargs (D:9)
  Menkaure (D:7)
  Duvessa (D:5)
  A water moccasin (D:10)
  2 sky beasts
  3 orc warriors (D:9)
  A black bear (D:9)
  15 ice beasts
  9 ogres
  4 phantoms
  2 centaurs
  2 big kobolds (D:10)
  2 bullfrogs
  Dowan (D:5)
  A scorpion (D:8)
  A water moccasin skeleton (D:4)
  3 killer bees (D:8)
  4 howler monkeys
  13 wights
  3 bullfrog zombies
  3 centaur zombies
  8 hounds
  A bullfrog skeleton (D:5)
  6 orc wizards
  7 orc priests
  2 jellies
  Jessica (D:2)
  An iguana (D:10)
  10 worker ants
  3 big kobold zombies (Ossuary)
  2 hound skeletons
  4 mummies (Ossuary)
  Robin (D:2)
  A worker ant zombie (D:7)
  6 gnolls
  15 adders
  A shadow imp (D:8)
  4 white imps
  5 ufetubi
  An ooze (D:4)
  An adder zombie (D:5)
  3 adder skeletons
  3 worms
  3 dart slugs
  4 leopard geckos
  35 orcs
  A ball python (D:3)
  7 giant cockroaches
  12 goblins
  18 hobgoblins
  21 jackals
  7 quokkas
  10 bats
  7 frilled lizards
  2 hobgoblin zombies (Ossuary)
  16 kobolds
  2 leopard gecko skeletons (D:5)
  8 rats
326 creatures vanquished.

Vanquished Creatures (collateral kills)
  A killer bee (D:8)
1 creature vanquished.

Vanquished Creatures (others)
  A killer bee (D:8)
  A bush (D:6)
  3 fungi (D:8)
  A plant (D:8)
6 creatures vanquished.

Grand Total: 333 creatures vanquished

Notes
Turn   | Place    | Note
-------+----------+-------------------------------------------
     0 | D:1      | Gorglomux the Troll Hedge Wizard began the quest for the
                  | Orb.
     0 | D:1      | Reached XP level 1. HP: 16/16 MP: 2/2
   167 | D:1      | Reached skill level 1 in Unarmed Combat
   171 | D:1      | Reached XP level 2. HP: 25/26 MP: 4/4
   173 | D:1      | Reached skill level 1 in Fighting
   331 | D:1      | Reached XP level 3. HP: 32/33 MP: 5/5
  1015 | D:2      | Noticed Jessica
  1027 | D:2      | Killed Jessica
  1027 | D:2      | Reached skill level 2 in Fighting
  1027 | D:2      | Reached XP level 4. HP: 27/42 MP: 6/6
  1130 | D:2      | Found a shimmering altar of Xom.
  1173 | D:2      | Noticed Robin
  1204 | D:2      | Killed Robin
  1236 | D:2      | Reached skill level 3 in Unarmed Combat
  1341 | D:2      | Reached XP level 5. HP: 48/50 MP: 7/7
  1869 | D:3      | Reached skill level 3 in Fighting
  2374 | D:3      | Reached XP level 6. HP: 61/61 MP: 8/8
  2535 | D:4      | Found a sand-covered staircase.
  2540 | Ossuary  | Entered an ossuary
  2615 | Ossuary  | HP: 1/62 [big kobold zombie (3)]
  2627 | Ossuary  | Reached skill level 4 in Fighting
  2821 | D:4      | Reached XP level 7. HP: 57/71 MP: 9/9
  3167 | D:4      | Reached skill level 5 in Fighting
  3302 | D:4      | Found Ufojiwn's Gadget Shop.
  3308 | D:4      | Bought a wand of iceblast (9) for 130 gold pieces
  3308 | D:4      | Bought a wand of flame (10) for 60 gold pieces
  3688 | D:5      | Entered Level 5 of the Dungeon
  3734 | D:5      | Reached skill level 6 in Fighting
  3820 | D:5      | Reached XP level 8. HP: 72/84 MP: 10/10
  3858 | D:5      | Noticed Dowan
  3864 | D:5      | Noticed Duvessa
  3879 | D:5      | Killed Duvessa
  3882 | D:5      | Killed Dowan
  4002 | D:5      | Reached skill level 7 in Fighting
  4490 | D:6      | Found a blossoming altar of Fedhas.
  4664 | D:6      | Noticed Maggie
  4680 | D:6      | Killed Maggie
  4680 | D:6      | Reached skill level 8 in Fighting
  4857 | D:6      | Reached XP level 9. HP: 37/97 MP: 11/11
  5061 | D:6      | Found a shimmering blue altar of Sif Muna.
  5238 | D:6      | Found a runed translucent door.
  5239 | D:6      | Noticed Crazy Yiuf
  5573 | D:7      | Reached skill level 9 in Fighting
  5943 | D:7      | Found a staircase to the Ecumenical Temple.
  5963 | Temple   | Entered the Ecumenical Temple
  6227 | Temple   | Became a worshipper of Dithmenos the Shadowed
  6457 | D:7      | Noticed Menkaure
  6464 | D:7      | Killed Menkaure
  6464 | D:7      | Reached skill level 10 in Fighting
  7315 | D:8      | Found a sacrificial altar of Ru.
  7802 | D:8      | Reached * piety under Dithmenos
  7826 | D:8      | Reached skill level 11 in Fighting
  7956 | D:8      | Found a runed translucent gate.
  7957 | D:8      | Found a runed translucent gate.
  7957 | D:8      | Noticed GordonOverkill's ghost (novice FeFi)
  7958 | D:8      | Found a runed translucent gate.
  7958 | D:8      | Noticed a kobold demonologist
  8159 | D:8      | Reached XP level 10. HP: 64/113 MP: 12/12
  8428 | D:9      | Found an opulent altar of Gozag.
  8428 | D:9      | Found a glowing silver altar of Zin.
  8448 | D:9      | Found a snail-covered altar of Cheibriados.
  8452 | D:9      | Found a bloodstained altar of Trog.
  8452 | D:9      | Found a basalt altar of Yredelemnul.
  8453 | D:9      | Found a glowing golden altar of the Shining One.
  8455 | D:9      | Found a hide-covered altar of Uskayaw.
  8456 | D:9      | Found a stormy altar of Qazlal.
  8582 | D:9      | Found Farec's Armour Emporium.
  8613 | D:9      | Found a staircase to the Orcish Mines.
  8623 | D:9      | Bought a +2 robe of fire resistance for 194 gold pieces
  8757 | D:9      | Found a staircase to the Lair.
  8940 | D:9      | Reached ** piety under Dithmenos
  9023 | D:9      | Reached skill level 12 in Fighting
  9025 | D:9      | Noticed a two-headed ogre
  9084 | D:9      | Killed a two-headed ogre
  9596 | D:10     | Entered Level 10 of the Dungeon
  9760 | D:10     | Noticed a two-headed ogre
  9793 | D:10     | Killed a two-headed ogre
 10099 | D:10     | Found an iron altar of Okawaru.
 10246 | D:10     | Reached *** piety under Dithmenos
 10289 | D:10     | Reached XP level 11. HP: 126/126 MP: 13/13
 10688 | D:11     | Noticed a five-headed hydra
 10716 | D:11     | Found a frozen archway.
 10863 | D:10     | Reached skill level 1 in Armour
 10936 | IceCv    | Entered an ice cave
 10953 | IceCv    | Reached skill level 6 in Unarmed Combat
 11351 | IceCv    | Reached skill level 3 in Armour
 11606 | IceCv    | Noticed an ice dragon
 11608 | IceCv    | Noticed an ice dragon
 11626 | IceCv    | Killed from afar by an ice dragon

Illustrated notes

Levels and vault maps discovered:
D:1:      dpeg_arrival_morbid_curiosity, layout_basic
D:2:      layout_basic, overflow_temple_1_default, uniq_jessica, uniq_robin
D:3:      layout_loops_corners, minmay_fractal_squares_diagonal_5
D:4:      layout_loops_ring, enter_ossuary_2, serial_shops, shop
D:5:      layout_loops_ring, hangedman_decor_lopped, uniq_duvessa
D:6:      layout_cave_pools, nicolae_overflow_hidden_temple,
          fedhas_ov_isle_minmay, kennysheep_pointless_box,
          hangedman_decor_peaks_small, kb_lookout_dungeons_type, uniq_maggie,
          uniq_crazy_yiuf_cottage
D:7:      layout_cave_pods, minmay_temple_entry_glass, uniq_menkaure
D:8:      layout_loops_corners, nicolae_overflow_crystal_walls,
          gammafunk_ghost_nasty_kobolds
D:9:      layout_roguey, minitemple, erik_lair_orcish_takeover, orc_david_3,
          minivault_27
D:10:     layout_loops_ring, okawaru_trees_2
D:11:     layout_roguey, portal_ice_cave_demonic_guard, nicolae_two_hexagons
Temple:   jpeg_temple_alley_garden
IceCv:    ice_cave_small_dragons

Skill      XL: |  1  2  3  4  5  6  7  8  9 10 11 |
---------------+----------------------------------+-----
Unarmed Combat | 1 2 3 4 5 7 |  7.1
Fighting       | 1 2 3 4 6 8 11 12 | 12.9
Dodging        | 2 |  2.3
Armour         | 3 |  3.5
Stealth        | |  1.0
Spellcasting   | |  2.0
Conjurations   | |  0.6
Summonings     | |  0.6
Translocations | |  0.6

Action                   |  1- 3 |  4- 6 |  7- 9 | 10-12 || total
-------------------------+-------+-------+-------+-------++-------
Melee: Unarmed           |   142 |   279 |   440 |   493 ||  1354
       Punch             |       |     1 |     7 |    18 ||    26
 Cast: Magic Dart        |     2 |       |       |       ||     2
Evoke: Wand              |       |       |     8 |     3 ||    11
       Lightning rod     |       |       |       |     5 ||     5
  Use: Scroll            |       |     3 |     6 |    18 ||    27
       Potion            |       |     2 |       |     3 ||     5
 Stab: Sleeping          |     1 |     5 |     4 |     4 ||    14
       Paralysed         |       |       |     9 |       ||     9
       Distracted        |       |       |       |     1 ||     1
Armor: Robe              |    65 |   106 |   178 |   102 ||   451
       Skin              |       |    16 |       |       ||    16
       Troll leather arm |       |       |       |   121 ||   121
Dodge: Dodged            |    95 |   141 |   228 |   263 ||   727

Table legend: (Time is in decaauts)
 A = Elapsed time spent in this place.
 B = Non-inter-level travel time spent in this place.
 C = Inter-level travel time spent in this place.
 D = Time resting spent in this place.
 E = Time spent auto-exploring this place.
 F = Levels seen in this place.
 G = Mean time per level.
                   A        B        C        D        E       F      G
               +--------+--------+--------+--------+--------+-----+--------+
         Total |  11504 |  11043 |    461 |    517 |   7819 |  14 |  821.7 |
       Dungeon |  10309 |   9877 |    432 |    289 |   7307 |  11 |  937.2 |
        Temple |    293 |    264 |     29 |      0 |    192 |   1 |  293.0 |
       Ossuary |    234 |    234 |      0 |      0 |    132 |   1 |  234.0 |
      Ice Cave |    666 |    666 |      0 |    228 |    188 |   1 |  666.0 |
               +--------+--------+--------+--------+--------+-----+--------+

Top non-repeatable levels by time:
     D:8: 1358 daAuts
     D:9: 1302 daAuts
    D:10: 1133 daAuts
     D:7: 1125 daAuts
     D:6: 1061 daAuts
     D:3: 1004 daAuts
     D:4: 901 daAuts
     D:2: 783 daAuts
     D:5: 771 daAuts
     D:1: 717 daAuts
   IceCv: 666 daAuts
  Temple: 293 daAuts
 Ossuary: 234 daAuts
    D:11: 150 daAuts
